HBL
NAPERVILLE LAZY FISHERMAN @ TUCSON TARANTULAS
05/19/1997
 
TOP OF THE 1ST
Naperville Lazy Fisherman batting - Pitching for Tucson Tarantulas : LHP Chuck Finley
Pitching: LHP Chuck Finley
Batting: SHB Denny Hocking 0-0: SINGLE (Flyball, 8LS, EV 85.6 MPH)
Batting: RHB Gary Disarcina 0-0: Ball
1-0: Swinging Strike
1-1: Called Strike
1-2: SINGLE (Line Drive, 89M, EV 89.4 MPH)
Denny Hocking to second
Runner from 2nd tries for 3rd, SAFE, throw by CF made to third
Batting: RHB Jeffrey Hammonds 0-0: Called Strike
0-1: Swinging Strike
0-2: Strikes out looking
Batting: SHB Felipe Crespo 0-0: Swinging Strike
0-1: Foul Ball, location: 2F
0-2: Ball
1-2: Ball
2-2: 3-RUN HOME RUN (Flyball, 7D, EV 105.6 MPH), Distance : 361 ft
Batting: RHB Craig Worthington 0-0: Called Strike
0-1: Ball
1-1: Called Strike
1-2: Foul Ball, location: 2F
1-2: Foul Ball, location: 2F
1-2: Fly out, F9 (Flyball, 9S, EV 78.8 MPH)
Batting: RHB David Bell 0-0: Ball
1-0: Reached on error, E7 (Flyball, 7D, EV 95.6 MPH)
Batting: RHB Gary Bennett 0-0: Ball
1-0: Ball
2-0: Ball
3-0: Called Strike
3-1: DOUBLE (Flyball, 89XD, EV 110.0 MPH)
David Bell scores
Batting: LHB Matt Luke 0-0: Called Strike
0-1: Foul Ball, location: 2F
0-2: Strikes out swinging
Top of the 1st over - 4 runs, 4 hits, 1 error, 1 left on base; Naperville 4 - Tucson 0
BOTTOM OF THE 1ST
Tucson Tarantulas batting - Pitching for Naperville Lazy Fisherman : RHP Garrett Stephenson
Pitching: RHP Garrett Stephenson
Batting: RHB Barry Wesson 0-0: Called Strike
0-1: Called Strike
0-2: Ball
1-2: Foul Ball, location: 2F
1-2: Ball
2-2: Ball
3-2: Base on Balls
Batting: RHB Ray Holbert 0-0: Called Strike
0-1: Ball
1-1: Foul Ball, location: 2F
1-2: Ball
2-2: Foul Ball, location: 2F
2-2: Foul Ball, location: 2F
2-2: Ball
3-2: Grounds into double play, 6-4-3 (Groundball, 6, EV 104.4 MPH)
Batting: SHB Bip Roberts 0-0: Ball
1-0: Foul Ball, location: 2F
1-1: Ball
2-1: Ball
3-1: SINGLE (Line Drive, 9S, EV 92.5 MPH)
Batting: RHB Andres Galarraga 0-0: Called Strike
0-1: Ball
1-1: Fielders Choice at 2nd, 6-4 (Groundball, 6, EV 108.1 MPH)
Bottom of the 1st over - 0 runs, 1 hit, 0 errors, 1 left on base; Naperville 4 - Tucson 0
TOP OF THE 2ND
Naperville Lazy Fisherman batting - Pitching for Tucson Tarantulas : LHP Chuck Finley
Batting: LHB Dan Peltier 0-0: Called Strike
0-1: Foul Ball, location: 2F
0-2: Strikes out looking
Batting: SHB Denny Hocking 0-0: SINGLE (Flyball, 78M, EV 96.3 MPH)
Batting: RHB Gary Disarcina 0-0: Ball
Wild Pitch!
Denny Hocking to second
1-0: Foul Ball, location: 2F
1-1: SINGLE (Line Drive, 7LS, EV 91.3 MPH)
Denny Hocking to third
Runner from 3rd tries for Home, throw by LF and OUT! 7-2
Batting: RHB Jeffrey Hammonds 0-0: Ball
1-0: Ball
2-0: Ball
3-0: Called Strike
3-1: Base on Balls
Gary Disarcina to second
Batting: SHB Felipe Crespo 0-0: Ball
1-0: Ball
2-0: Swinging Strike
2-1: SINGLE (Groundball, 4MD, EV 94.4 MPH)
Gary Disarcina to third
Jeffrey Hammonds to second
Runner from 3rd tries for Home, SAFE, throw by CF to home
Batting: RHB Craig Worthington 0-0: Ball
1-0: Ball
2-0: Swinging Strike
2-1: Called Strike
2-2: Strikes out looking
Top of the 2nd over - 1 run, 3 hits, 0 errors, 2 left on base; Naperville 5 - Tucson 0
BOTTOM OF THE 2ND
Tucson Tarantulas batting - Pitching for Naperville Lazy Fisherman : RHP Garrett Stephenson
Batting: RHB Dave McCarty 0-0: Ball
1-0: Ground out 4-3 (Groundball, 4, EV 83.1 MPH)
Batting: RHB Jack Voigt 0-0: Ball
1-0: Foul Ball, location: 2F
1-1: Ground out U3 (Groundball, 3, EV 80.6 MPH)
Batting: SHB Matt Walbeck 0-0: Ball
1-0: Ball
2-0: Ground out 4-3 (Groundball, 4, EV 100.6 MPH)
Bottom of the 2nd over - 0 runs, 0 hits, 0 errors, 0 left on base; Naperville 5 - Tucson 0
TOP OF THE 3RD
Naperville Lazy Fisherman batting - Pitching for Tucson Tarantulas : LHP Chuck Finley
Batting: RHB David Bell 0-0: Fly out, F9 (Flyball, 9LMF, EV 104.4 MPH)
Batting: RHB Gary Bennett 0-0: SOLO HOME RUN (Flyball, 7D, EV 100.0 MPH), Distance : 367 ft
Batting: LHB Matt Luke 0-0: Ball
1-0: Ball
2-0: Ball
3-0: Called Strike
3-1: Called Strike
3-2: Ground out 4-3 (Groundball, 4, EV 83.1 MPH)
Batting: LHB Dan Peltier 0-0: Foul Ball, location: 2F
0-1: Called Strike
0-2: Ball
1-2: Foul Ball, location: 2F
1-2: Ground out 6-3 (Groundball, 6, EV 78.8 MPH)
Top of the 3rd over - 1 run, 1 hit, 0 errors, 0 left on base; Naperville 6 - Tucson 0
BOTTOM OF THE 3RD
Tucson Tarantulas batting - Pitching for Naperville Lazy Fisherman : RHP Garrett Stephenson
Batting: SHB Hanley Frias 0-0: Foul Ball, location: 2F
0-1: Called Strike
0-2: Ground out 1-3 (Groundball, P, EV 66.3 MPH)
Batting: RHB Ralph Milliard 0-0: SINGLE (Groundball, 34D, EV 98.8 MPH)
Batting: RHB Barry Wesson 0-0: Called Strike
0-1: Ball
1-1: Foul Ball, location: 2F
1-2: Ball
2-2: DOUBLE (Flyball, 78D, EV 85.0 MPH)
Ralph Milliard to third
Pinch Runner at 2nd Dave Magadan:
Batting: RHB Ray Holbert 0-0: Ball
1-0: Foul Ball, location: 2F
1-1: Ground out U3 (Groundball, 34, EV 103.1 MPH)
Ralph Milliard scores
Dave Magadan to third
Batting: SHB Bip Roberts 0-0: Ball
1-0: Fly out, F7 (Flyball, 7S, EV 82.5 MPH)
Bottom of the 3rd over - 1 run, 2 hits, 0 errors, 1 left on base; Naperville 6 - Tucson 1
TOP OF THE 4TH
Naperville Lazy Fisherman batting - Pitching for Tucson Tarantulas : LHP Chuck Finley
Now in CF: Ray McDavid
Batting: SHB Denny Hocking 0-0: Called Strike
0-1: Called Strike
0-2: Ball
1-2: Fly out, F9 (Line Drive, 9D, EV 90.6 MPH)
Batting: RHB Gary Disarcina 0-0: Foul Ball, location: 2F
0-1: Ball
1-1: Fly out, F8 (Flyball, 8RD, EV 106.9 MPH)
Batting: RHB Jeffrey Hammonds 0-0: SINGLE (Groundball, 6D, EV 107.5 MPH)
Pitching: RHP Calvin Schiraldi
Batting: SHB Felipe Crespo 0-0: Foul Ball, location: 2F
0-1: Foul Ball, location: 2F
0-2: Foul Ball, location: 2F
0-2: Strikes out looking
Top of the 4th over - 0 runs, 1 hit, 0 errors, 1 left on base; Naperville 6 - Tucson 1
BOTTOM OF THE 4TH
Tucson Tarantulas batting - Pitching for Naperville Lazy Fisherman : RHP Garrett Stephenson
Batting: RHB Andres Galarraga 0-0: Ball
1-0: Ball
2-0: Ball
3-0: Called Strike
3-1: Swinging Strike
3-2: Single, Error in OF, E8, batter to second base (Line Drive, 6MD, EV 101.9 MPH)
Batting: RHB Dave McCarty 0-0: Called Strike
0-1: Called Strike
0-2: Strikes out swinging
Batting: RHB Jack Voigt 0-0: Ball
1-0: Ball
2-0: Ball
3-0: Base on Balls
Batting: SHB Matt Walbeck 0-0: Foul Ball, location: 2F
0-1: Ball
1-1: Swinging Strike
1-2: Ball
2-2: Strikes out looking
Batting: SHB Hanley Frias 0-0: Called Strike
0-1: SINGLE (Groundball, 4D, EV 99.4 MPH)
Andres Galarraga to third
Jack Voigt to second
Runner from 3rd tries for Home, SAFE, no throw by CF
Batting: RHB Ralph Milliard 0-0: Called Strike
0-1: Fielders Choice at 2nd, U4 (Groundball, 4M, EV 104.4 MPH)
Bottom of the 4th over - 1 run, 2 hits, 1 error, 2 left on base; Naperville 6 - Tucson 2
TOP OF THE 5TH
Naperville Lazy Fisherman batting - Pitching for Tucson Tarantulas : RHP Calvin Schiraldi
Batting: RHB Craig Worthington 0-0: Called Strike
0-1: Fly out, F8 (Line Drive, 8RM, EV 93.1 MPH)
Batting: RHB David Bell 0-0: Ball
1-0: Fly out, F4 (Popup, 3DF, EV 55.0 MPH)
Batting: RHB Gary Bennett 0-0: Ball
1-0: Called Strike
1-1: Called Strike
1-2: Ball
2-2: Foul Ball, location: 2F
2-2: Foul Ball, location: 2F
2-2: Ground out 5-3 (Groundball, 56S, EV 81.9 MPH)
Top of the 5th over - 0 runs, 0 hits, 0 errors, 0 left on base; Naperville 6 - Tucson 2
BOTTOM OF THE 5TH
Tucson Tarantulas batting - Pitching for Naperville Lazy Fisherman : RHP Garrett Stephenson
Batting: LHB Ray McDavid 0-0: Foul Ball, location: 2F
0-1: Ball
1-1: Ball
2-1: Ball
3-1: Foul Ball, location: 2F
3-2: SOLO HOME RUN (Flyball, 89XD, EV 103.1 MPH), Distance : 415 ft
Batting: RHB Ray Holbert 0-0: Ball
1-0: Called Strike
1-1: Ground out 1-3 (Groundball, 13, EV 83.1 MPH)
Batting: SHB Bip Roberts 0-0: Called Strike
0-1: Ball
1-1: SINGLE (Groundball, 4MD, EV 103.1 MPH)
Batting: RHB Andres Galarraga 0-0: Ball
1-0: SINGLE (Line Drive, 8RS, EV 100.6 MPH)
Bip Roberts to second
Batting: RHB Dave McCarty 0-0: Called Strike
0-1: Foul Ball, location: 2F
0-2: Ball
1-2: Ball
2-2: Ball
3-2: Foul Ball, location: 2F
3-2: Fly out, F9 (Flyball, 9LMF, EV 89.4 MPH)
Batting: RHB Jack Voigt 0-0: Ball
1-0: Ball
2-0: Called Strike
2-1: Called Strike
2-2: Ball
3-2: Base on Balls
Bip Roberts to third
Andres Galarraga to second
Batting: SHB Matt Walbeck 0-0: Ball
1-0: Swinging Strike
1-1: Ball
2-1: Ball
3-1: Foul Ball, location: 2F
3-2: Ground out 6-3 (Groundball, 6, EV 83.8 MPH)
Bottom of the 5th over - 1 run, 3 hits, 0 errors, 3 left on base; Naperville 6 - Tucson 3
TOP OF THE 6TH
Naperville Lazy Fisherman batting - Pitching for Tucson Tarantulas : RHP Calvin Schiraldi
Batting: LHB Matt Luke 0-0: Called Strike
0-1: Foul Ball, location: 2F
0-2: Ball
1-2: Ball
2-2: Strikes out swinging
Batting: LHB Dan Peltier 0-0: Ball
1-0: Foul Ball, location: 2F
1-1: Foul Ball, location: 2F
1-2: Ball
2-2: Ball
3-2: Base on Balls
Batting: SHB Denny Hocking 0-0: Called Strike
0-1: Ball
1-1: Foul Ball, location: 2F
1-2: Strikes out swinging
Batting: RHB Gary Disarcina 0-0: Foul Ball, location: 2F
0-1: Ball
1-1: Foul Ball, location: 2F
1-2: Strikes out swinging
Top of the 6th over - 0 runs, 0 hits, 0 errors, 1 left on base; Naperville 6 - Tucson 3
BOTTOM OF THE 6TH
Tucson Tarantulas batting - Pitching for Naperville Lazy Fisherman : RHP Garrett Stephenson
Batting: SHB Hanley Frias 0-0: Ground out 4-3 (Groundball, 4, EV 95.0 MPH)
Batting: RHB Ralph Milliard 0-0: Ball
1-0: Called Strike
1-1: SINGLE (Groundball, 4MD, EV 94.4 MPH)
Batting: LHB Ray McDavid 0-0: Ball
1-0: SINGLE (Line Drive, 9S, EV 93.1 MPH)
Ralph Milliard to second
Batting: RHB Ray Holbert 0-0: Foul Ball, location: 2F
0-1: Ball
1-1: Fly out, F8 (Line Drive, 8LM, EV 86.3 MPH)
Batting: SHB Bip Roberts 0-0: Called Strike
0-1: Foul Ball, location: 2F
0-2: Ball
1-2: Ground out U3 (Groundball, 3L, EV 98.1 MPH)
Bottom of the 6th over - 0 runs, 2 hits, 0 errors, 2 left on base; Naperville 6 - Tucson 3
TOP OF THE 7TH
Naperville Lazy Fisherman batting - Pitching for Tucson Tarantulas : RHP Calvin Schiraldi
Batting: RHB Jeffrey Hammonds 0-0: Ball
1-0: Ground out 6-3 (Groundball, 6S, EV 80.0 MPH)
Batting: SHB Felipe Crespo 0-0: Ball
1-0: Foul Ball, location: 2F
1-1: Foul Ball, location: 2F
1-2: Fly out, F7 (Flyball, 78S, EV 80.6 MPH)
Batting: RHB Craig Worthington 0-0: Called Strike
0-1: Ball
1-1: Ball
2-1: Ball
3-1: Base on Balls
Pitching: RHP Jeff Shaw
Batting: RHB David Bell 0-0: Called Strike
0-1: Ball
1-1: SINGLE (Groundball, 56D, EV 107.5 MPH)
Craig Worthington to second
Batting: RHB Gary Bennett 0-0: Swinging Strike
0-1: Foul Ball, location: 2F
0-2: Strikes out swinging
Top of the 7th over - 0 runs, 1 hit, 0 errors, 2 left on base; Naperville 6 - Tucson 3
BOTTOM OF THE 7TH
Tucson Tarantulas batting - Pitching for Naperville Lazy Fisherman : RHP Garrett Stephenson
Batting: RHB Andres Galarraga 0-0: Called Strike
0-1: Ball
1-1: Called Strike
1-2: Ball
2-2: Strikes out looking
Batting: RHB Dave McCarty 0-0: Ball
1-0: Ball
2-0: SINGLE (Groundball, 34D, EV 101.3 MPH)
Batting: RHB Jack Voigt 0-0: Ball
1-0: Ball
2-0: Fly out, F8 (Line Drive, 8LD, EV 102.5 MPH)
Batting: SHB Matt Walbeck 0-0: Foul Ball, location: 2F
0-1: Ball
1-1: Foul Ball, location: 2F
1-2: Single, Error in OF, E8, batter to second base (Groundball, 6MD, EV 103.1 MPH)
Dave McCarty to third
Batting: SHB Hanley Frias 0-0: Called Strike
0-1: Ball
1-1: Ball
2-1: Ball
3-1: Swinging Strike
3-2: Strikes out looking
Bottom of the 7th over - 0 runs, 2 hits, 1 error, 2 left on base; Naperville 6 - Tucson 3
TOP OF THE 8TH
Naperville Lazy Fisherman batting - Pitching for Tucson Tarantulas : RHP Jeff Shaw
Batting: LHB Matt Luke 0-0: Ball
1-0: Ball
2-0: Ball
3-0: Called Strike
3-1: SINGLE (Groundball, 4D, EV 102.5 MPH)
Batting: LHB Dan Peltier 0-0: Foul Ball, location: 2F
0-1: Foul Ball, location: 2F
0-2: Ball
1-2: Ball
2-2: Foul Ball, location: 2F
2-2: Foul Ball, location: 2F
2-2: Foul Ball, location: 2F
2-2: SINGLE (Groundball, 6, EV 78.8 MPH) (infield hit)
Matt Luke to second
Pitching: RHP James Baldwin
Batting: SHB Denny Hocking 0-0: Foul Ball, location: 2F
0-1: Ball
1-1: Called Strike
1-2: Strikes out swinging
Batting: RHB Gary Disarcina 0-0: SINGLE (Line Drive, 3D, EV 96.9 MPH)
Matt Luke to third
Dan Peltier to second
Batting: RHB Jeffrey Hammonds 0-0: Ball
1-0: Called Strike
1-1: Foul Ball, location: 2F
1-2: Ball
2-2: Fly out, F8 (Flyball, 89M, EV 95.0 MPH)
Runner from 3rd tags up, SCORES, no throw by CF
Batting: SHB Felipe Crespo 0-0: Swinging Strike
0-1: Foul Ball, location: 2F
0-2: Ball
1-2: Ball
2-2: Ball
3-2: Foul Ball, location: 2F
3-2: Base on Balls
Dan Peltier to third
Gary Disarcina to second
Batting: RHB Craig Worthington 0-0: Called Strike
0-1: Ball
1-1: Called Strike
1-2: Foul Ball, location: 2F
1-2: Ball
2-2: Ball
3-2: Base on Balls
Dan Peltier scores
Gary Disarcina to third
Felipe Crespo to second
Batting: RHB David Bell 0-0: Ball
1-0: Called Strike
1-1: Ball
2-1: Foul Ball, location: 2F
2-2: TRIPLE (Flyball, 9D, EV 93.8 MPH)
Gary Disarcina scores
Felipe Crespo scores
Craig Worthington scores
Batting: RHB Gary Bennett 0-0: Ball
1-0: Called Strike
1-1: Ball
2-1: Called Strike
2-2: 2-RUN HOME RUN (Flyball, 7D, EV 107.5 MPH), Distance : 372 ft
Pitching: RHP Tim VanEgmond
Batting: LHB Matt Luke 0-0: Ball
1-0: Ball
2-0: Swinging Strike
2-1: Swinging Strike
2-2: Fly out, F8 (Flyball, 8LM, EV 77.5 MPH)
Top of the 8th over - 7 runs, 5 hits, 0 errors, 0 left on base; Naperville 13 - Tucson 3
BOTTOM OF THE 8TH
Tucson Tarantulas batting - Pitching for Naperville Lazy Fisherman : RHP Garrett Stephenson
Pitching: LHP Dennys Reyes
Batting: RHB Ralph Milliard 0-0: Ground out 6-3 (Groundball, 6, EV 88.1 MPH)
Batting: LHB Ray McDavid 0-0: Swinging Strike
0-1: Foul Ball, location: 2F
0-2: Ball
1-2: Ball
2-2: Foul Ball, location: 2F
2-2: Foul Ball, location: 2F
2-2: Ground out 6-3 (Groundball, 6MD, EV 103.8 MPH)
Batting: RHB Ray Holbert 0-0: Ball
1-0: Fly out, F9 (Line Drive, 9, EV 96.9 MPH)
Bottom of the 8th over - 0 runs, 0 hits, 0 errors, 0 left on base; Naperville 13 - Tucson 3
TOP OF THE 9TH
Naperville Lazy Fisherman batting - Pitching for Tucson Tarantulas : RHP Tim VanEgmond
Batting: LHB Dan Peltier 0-0: Called Strike
0-1: Called Strike
0-2: Ball
1-2: Ball
2-2: Ground out 6-3 (Groundball, 6M, EV 95.0 MPH)
Batting: SHB Denny Hocking 0-0: Foul Ball, location: 2F
0-1: Ball
1-1: Foul Ball, location: 2F
1-2: Strikes out swinging
Batting: RHB Gary Disarcina 0-0: Foul Ball, location: 2F
0-1: Fly out, F9 (Line Drive, 9, EV 85.6 MPH)
Top of the 9th over - 0 runs, 0 hits, 0 errors, 0 left on base; Naperville 13 - Tucson 3
BOTTOM OF THE 9TH
Tucson Tarantulas batting - Pitching for Naperville Lazy Fisherman : LHP Dennys Reyes
Batting: SHB Bip Roberts 0-0: Ball
1-0: Called Strike
1-1: SINGLE (Groundball, 56D, EV 98.8 MPH)
Batting: RHB Andres Galarraga 0-0: Fly out, F5 (Popup, 5SF, EV 80.6 MPH)
Batting: RHB Dave McCarty 0-0: Called Strike
0-1: Ball
1-1: Swinging Strike
1-2: Ball
2-2: Ball
Wild Pitch!
Bip Roberts to second
3-2: Strikes out swinging
Batting: RHB Jack Voigt 0-0: Called Strike
0-1: Ball
1-1: Foul Ball, location: 2F
1-2: Fly out, F3 (Popup, 3SF, EV 71.9 MPH)
Bottom of the 9th over - 0 runs, 1 hit, 0 errors, 1 left on base; Naperville 13 - Tucson 3
Wednesday, February 11th, 2026 - OOTP Baseball 20.8 Build 74